 Dungeon Crawl Stone Soup version 0.28.0-1-gb440e238dd (webtiles) character file.

Game seed: 13569383566333686060

34 Kaptain the Digger (level 3, -3/20 HPs)
             Began as a Gargoyle Earth Elementalist on Feb 26, 2022.
             Killed from afar by Sigmund (7 damage)
             ... with a puff of flame
             ... on level 2 of the Dungeon.
             The game lasted 00:02:57 (1389 turns).

Kaptain the Digger (Gargoyle Earth Elementalist)    Turns: 1389, Time: 00:02:57

Health: -3/20      AC:  6    Str: 11    XL:     3   Next: 31%
Magic:  6/6        EV: 11    Int: 17    God:
Gold:   22         SH:  0    Dex: 10    Spells: 2/6 levels left

rFire   . . .      SeeInvis .   k - +2 dagger (holy)
rCold   . . .      Faith    .   (no shield)
rNeg    + . .      Spirit   .   j - +0 leather armour
rPois   ∞          Reflect  .   (no helmet)
rElec   +          Harm     .   (no cloak)
rCorr   .          Rampage  .   (no gloves)
Will    .....                   (no boots)
Stlth   ++........              (no amulet)
HPRegen 0.06/turn               b - ring of wizardry
MPRegen 0.10/turn               (no ring)

@: no status effects
A: sickness immunity, AC +3, negative energy resistance 1, electricity
resistance, torment resistance 1, petrification resistance
a: no special abilities


You were on level 2 of the Dungeon.
You visited 1 branch of the dungeon, and saw 2 of its levels.

You collected 22 gold pieces.

Inventory:

Hand Weapons
 d - a +0 short sword
 e - a +0 arbalest
 k - a +2 dagger of holy wrath (weapon)
Missiles
 c - 48 stones
Armour
 j - a +0 leather armour (worn)
Jewellery
 b - a ring of wizardry (left hand)
Scrolls
 a - 3 scrolls of vulnerability {unknown}
 f - 2 scrolls of teleportation {unknown}
 g - a scroll of identify {unknown}
 h - a scroll of magic mapping {unknown}
 i - a scroll of noise {unknown}
 l - 3 scrolls of holy word {unknown}
 m - a scroll of silence {unknown}


   Skills:
 + Level 0.4 Fighting
 + Level 0.7 Armour
 + Level 1.7 Dodging
 + Level 2.5 Stealth
 * Level 2.3 Spellcasting
 * Level 1.0 Conjurations
 - Level 0.7 Transmutations
 * Level 4.0 Earth Magic


You had 2 spell levels left.
You knew the following spells:

 Your Spells              Type           Power      Damage    Failure   Level
a - Sandblast             Erth           30%        2d9       1%          1
b - Stone Arrow           Conj/Erth      20%        3d8       11%         3

Your spell library contained the following spells:

 Spells                   Type           Power      Damage    Failure   Level
 Passwall                 Tmut/Erth      8%         N/A       6%          2
 Petrify                  Tmut/Erth      10%        N/A       34%         4


Dungeon Overview and Level Annotations

Branches:
Dungeon (2/15)

Altars:

Annotations:
D:2 Sigmund


Innate Abilities, Weirdness & Mutations

You are immune to sickness and miasma.
Your stone body is resilient. (AC +3)
You are immune to poison.
You resist negative energy. (rN+)
You are resistant to electric shocks. (rElec)
You are resistant to unholy torment.
You are immune to petrification.


Message History

Sigmund shouts!
Sigmund points at you and mumbles some strange words.
The puff of flame hits you!
The worm enters a dispersal trap!
You blink.
Found a stone staircase leading down and a stone staircase leading up.
The worm blinks!
Sigmund casts a spell at you.
You are confused.
You bump into the rock wall.
Unknown command.
You bump into the rock wall.
Sigmund says, "Now you see me, now you don't..."
Sigmund gestures at you while chanting. You resist with significant effort.
Unknown command.
Unknown command.
You aren't carrying any potions.
Unknown command.
Sigmund closely misses you.
You bump into the rock wall.
A kobold comes into view. It is wielding a +0 dagger.
Unknown command.
You hit Sigmund.
Sigmund is lightly wounded.
You feel less confused. Sigmund hits you but does no damage.
Unknown command.
You hit Sigmund.
Sigmund is moderately wounded.
Sigmund hits you with a +0 scythe!
* * * LOW HITPOINT WARNING * * *
Unknown command.
You closely miss Sigmund.
Sigmund is moderately wounded.
Unknown command.
You closely miss Sigmund.
Sigmund is moderately wounded.
Sigmund gestures at you while chanting. The puff of flame hits you!
You die...

....####..# .#
..........###.#
..............####.
##................#
##.####.###.#####. #.#
#.# #.# #.# #.# #.#
###.####<# #.# #.#
.....K@@.# #.# #.######
......##.####.###.......
......§.........††.#####
..>..@##.[.........#
..... ######.###......
..w. #.......### ###
#####...# #####


You could see Sigmund and a kobold.

Vanquished Creatures
  2 dart slugs (D:1)
  2 endoplasms (D:1)
  2 giant cockroaches (D:2)
  3 goblins (D:1)
  A hobgoblin (D:2)
  5 kobolds (D:1)
  2 quokkas (D:1)
  2 ball pythons
  3 bats (D:1)
  A frilled lizard (D:1)
  9 rats
32 creatures vanquished.

Notes
Turn   | Place    | Note
-------+----------+-------------------------------------------
     0 | D:1      | Kaptain the Gargoyle Earth Elementalist began the quest for
                  | the Orb.
     0 | D:1      | Reached XP level 1. HP: 10/10 MP: 3/3
   143 | D:1      | Reached XP level 2. HP: 15/15 MP: 1/5
   617 | D:1      | Found a faded altar of an unknown god.
   889 | D:1      | Reached XP level 3. HP: 18/20 MP: 3/6
   893 | D:1      | Learned a level 3 spell: Stone Arrow
  1028 | D:1      | Reached skill level 4 in Earth Magic
  1304 | D:2      | Reached skill level 1 in Conjurations
  1376 | D:2      | Noticed Sigmund
  1389 | D:2      | Killed from afar by Sigmund

Illustrated notes

Levels and vault maps discovered:
D:1:      lightli_arrival_windingriver, layout_basic,
          shapermc_ecumenical_altar_notcrosses
D:2:      layout_loops_ring, chequers_serial_rivers_micro_a, uniq_sigmund

Skill      XL: |  1  2  3 |
---------------+----------+-----
Earth Magic    | 4 |  4.0
Conjurations   | 1 |  1.0
Fighting       | |  0.4
Armour         | |  0.7
Dodging        | |  1.7
Stealth        | |  2.5
Spellcasting   | |  2.3
Transmutations | |  0.7

Action                   || total
-------------------------++-------
Melee: Short sword       ||     3
       Dagger            ||    27
 Cast: Sandblast         ||    29
Armor: Robe              ||     5
       Leather armour    ||     7
Dodge: Dodged            ||    24
